 Dungeon Crawl Stone Soup version 0.26.1-2-gb8aa6d0cf2 (webtiles) character file.

Game seed: 13739359446251154828

185 Allula97 the Skirmisher (level 5, -6/63 HPs)
             Began as a Demonspawn Fighter on Feb 12, 2021.
             Was a Believer of Uskayaw.
             Mangled by an ice beast (10 damage)
             ... on level 3 of the Dungeon.
             The game lasted 00:07:19 (2227 turns).

Allula97 the Skirmisher (Demonspawn Fighter)        Turns: 2227, Time: 00:07:20

Health: -6/63      AC: 22    Str: 16 (17) XL:     5   Next: 37%
Magic:  5/5        EV:  2    Int:  8 (9)  God:    Uskayaw [**....]
Gold:   85         SH:  8    Dex: 10 (13) Spells: 4/4 levels left

rFire    . . .     SeeInvis .   x - +0 rapier (curse)
rCold    . . .     Faith    .   c - +0 kite shield
rNeg     + + +     Spirit   .   (armour currently unavailable)
rPois    +         Reflect  .   (helmet currently unavailable)
rElec    .         Harm     .   (cloak currently unavailable)
rCorr    .         Rampage  .   (gloves currently unavailable)
Will     .....     NoTele   +   (boots currently unavailable)
Stlth    +.........             (no amulet)
HPRegen  0.20/turn              f - ring of poison resistance
MPRegen  0.09/turn              (no ring)

@: mighty, tree-form
A: no striking features
a: Renounce Religion, Stomp, Line Pass


You were on level 3 of the Dungeon.
You worshipped Uskayaw.
Uskayaw was noncommittal.
You were a tree.
You visited 1 branch of the dungeon, and saw 3 of its levels.

You collected 85 gold pieces.

Inventory:

Hand Weapons
 a - a +0 long sword
 x - a cursed +0 rapier (weapon)
Missiles
 e - 11 poisoned darts (quivered)
 u - 3 silver javelins
Armour
 b - a +0 scale mail (melded)
 c - a +0 kite shield (worn)
 q - a +2 hat (melded)
Jewellery
 f - a ring of poison resistance (left branch)
Wands
 v - a wand of disintegration (17)
Scrolls
 j - 2 scrolls of magic mapping {unknown}
 m - 3 scrolls of identify {unknown}
 n - a scroll of random uselessness {unknown}
 o - 4 scrolls of remove curse
 p - 2 scrolls of amnesia {unknown}
 r - 2 scrolls of teleportation {unknown}
 s - a scroll of fear {unknown}
Potions
 g - a potion of curing {unknown}
 h - a potion of lignification
 i - a potion of degeneration
 k - a potion of flight
 l - a potion of cancellation {unknown}
 t - a potion of haste {unknown}
 w - a potion of heal wounds {unknown}


   Skills:
 * Level 3.8 Fighting
 * Level 2.8 Long Blades
 * Level 3.5 Armour
 * Level 1.2 Dodging
 * Level 3.4 Shields


You had 4 spell levels left.
You didn't know any spells.
Your spell library was empty.

Dungeon Overview and Level Annotations

Branches:
Dungeon (3/15)

Altars:
Cheibriados
Kikubaaqudgha
Nemelex Xobeh
Sif Muna
Uskayaw


Innate Abilities, Weirdness & Mutations

((You have a pair of horns on your head.))


Message History

You feel weakened.
You feel dopey.
You feel clumsy. The ice beast closely misses you.
It was a potion of lignification.
You turn into a tree.
Your +2 hat melds into your body.
Your +0 scale mail melds into your body.
Your roots penetrate the ground.
The ice beast hits you but does no damage.
You hit the ice beast.
The ice beast is moderately wounded.
You block the ice beast's attack.
You hit the ice beast.
The ice beast is heavily wounded.
The ice beast hits you but does no damage.
You can now pass through a line of other dancers.
You closely miss the ice beast.
The ice beast is heavily wounded.
The ice beast hits you.
* * * LOW HITPOINT WARNING * * *
The ice beast freezes you!
You die...

#....# #....#
######....####
..........'.>#
#######....##(#
#.(......####.#
#.######.# #.#
#.# #.## #.# #
#♣# #..# #.#
####.##Y#
##.###.#
#.......#
#..##.#
##....###
##.##.# #....
#.##.# .......
#####.##.#
###.##.
#......#.# #.
.. #......#.# .
.. #......#.#


You could see an ice beast.

Vanquished Creatures
  An ice beast (D:2)
  Robin (D:2)
  3 adders (D:2)
  An ooze (D:1)
  4 worms (D:2)
  3 giant cockroaches
  6 goblins
  6 hobgoblins
  A quokka (D:3)
  3 bats
  4 frilled lizards
  A kobold (D:1)
  6 rats
40 creatures vanquished.

Notes
Turn   | Place    | Note
-------+----------+-------------------------------------------
     0 | D:1      | Allula97 the Demonspawn Fighter began the quest for the
                  | Orb.
     0 | D:1      | Reached XP level 1. HP: 18/18 MP: 1/1
   202 | D:1      | Gained mutation: You have a pair of small horns on your
                  | head. [demonic ancestry]
   202 | D:1      | Reached XP level 2. HP: 12/24 MP: 2/2
   846 | D:2      | Gained mutation: You have a pair of horns on your head.
                  | [demonic ancestry]
   846 | D:2      | Reached XP level 3. HP: 26/29 MP: 3/3
  1150 | D:2      | Found a faded altar of an unknown god.
  1275 | D:2      | Noticed Robin
  1291 | D:2      | Killed Robin
  1296 | D:2      | Reached XP level 4. HP: 27/35 MP: 4/4
  1327 | D:2      | Found an ancient bone altar of Kikubaaqudgha.
  1327 | D:2      | Found a faded altar of an unknown god.
  1340 | D:2      | Found a sparkling altar of Nemelex Xobeh.
  1342 | D:2      | Found a snail-covered altar of Cheibriados.
  1344 | D:2      | Found a shimmering blue altar of Sif Muna.
  1369 | D:2      | Became a worshipper of Uskayaw the Reveller
  1369 | D:2      | Reached * piety under Uskayaw
  1486 | D:2      | Noticed an ice beast
  1494 | D:2      | Reached ** piety under Uskayaw
  1497 | D:2      | Reached *** piety under Uskayaw
  1498 | D:2      | Killed an ice beast
  1499 | D:2      | Reached skill level 1 in Dodging
  1499 | D:2      | Reached XP level 5. HP: 24/42 MP: 5/5
  2212 | D:3      | Noticed an ice beast
  2227 | D:3      | Mangled by an ice beast

Illustrated notes

Levels and vault maps discovered:
D:1:      lightli_arrival_windingriver, layout_basic
D:2:      layout_basic, chequers_temple_overflow_minitemple,
          chequers_ecumenical_altar_simple_redux, uniq_robin
D:3:      layout_basic, yredelemnul_altar_generic, elyvilon_altar_1,
          cheibrodos_gnoll_hut

Skill      XL: |  1  2  3  4 |
---------------+-------------+-----
Long Blades    | 2 |  2.8
Shields        | 3 |  3.4
Armour         | 3 |  3.5
Dodging        | 1 |  1.2
Fighting       | |  3.8

Action                   |  1- 3 |  4- 6 || total
-------------------------+-------+-------++-------
Melee: Long sword        |   110 |    29 ||   139
       Headbutt          |    11 |     5 ||    16
       Rapier            |       |     8 ||     8
Throw: Dart              |       |     4 ||     4
  Use: Scroll            |     1 |       ||     1
       Potion            |       |     4 ||     4
 Stab: Paralysed         |       |     1 ||     1
Armor: Scale mail        |    60 |    12 ||    72
       Skin              |       |     2 ||     2
Dodge: Dodged            |    20 |    11 ||    31
Block: Kite shield       |    53 |    16 ||    69
       Rpst.: Long sword |    10 |     5 ||    15
